 Dungeon Crawl Stone Soup version 0.24.0-13-gcf9b319 (webtiles) character file.

Game seed: 5664523008545473932, levelgen mode: deterministic

105 shiningwizard the Sneak (level 4, 0/37 HPs)
             Began as a Naga Enchanter on Dec 15, 2019.
             Was a Priest of Lugonu.
             Slain by a worker ant (7 damage)
             ... on level 4 of the Dungeon.
             The game lasted 00:16:41 (1798 turns).

shiningwizard the Sneak (Naga Enchanter)            Turns: 1798, Time: 00:16:42

Health: 0/37       AC:  2    Str: 10    XL:     4   Next: 83%
Magic:  6/7        EV: 10    Int: 17    God:    Lugonu [***...]
Gold:   205        SH:  0    Dex: 11    Spells: 6/7 levels left

rFire    . . .     SeeInvis +   h - +0 dagger (venom)
rCold    . . .     Gourm    .   (no shield)
rNeg     . . .     Faith    .   b - +0 robe
rPois    +         Spirit   .   (no helmet)
rElec    .         Reflect  .   (no cloak)
rCorr    .         Harm     .   (no gloves)
MR       .....                  (no barding)
Stlth    +++.......             (no amulet)
HPRegen  0.12/turn              (no ring)
MPRegen  0.10/turn              (no ring)

@: very slow
A: large, see invisible, deformed body, poison resistance, slowness 2, slow
metabolism 1, spit poison 1, AC +1
a: Spit Poison, Depart the Abyss, Bend Space, Banish, Renounce Religion


You were on level 4 of the Dungeon.
You worshipped Lugonu.
Lugonu was most pleased with you.
You were not hungry.

You visited 1 branch of the dungeon, and saw 4 of its levels.

You collected 205 gold pieces.

Inventory:

Hand Weapons
 a - a +1 dagger
 h - a +0 dagger of venom (weapon)
 o - a +4 dagger
Armour
 b - a +0 robe (worn)
 s - a +2 buckler
Jewellery
 t - an uncursed amulet of faith {unknown}
Wands
 p - a wand of random effects (12)
Scrolls
 e - 2 scrolls of enchant weapon {unknown}
 f - 4 scrolls of remove curse {unknown}
 i - a scroll of fog {unknown}
 k - 5 scrolls of teleportation {unknown}
 l - 3 scrolls of identify {unknown}
 q - a scroll of enchant armour {unknown}
 r - a scroll of fear {unknown}
Potions
 c - a potion of berserk rage {unknown}
 g - 3 potions of haste {unknown}
 j - a potion of degeneration {unknown}
 m - 2 potions of ambrosia {unknown}
 n - 2 potions of might {unknown}
Comestibles
 d - 3 rations


   Skills:
 + Level 0.6 Fighting
 + Level 2.1 Short Blades
 + Level 1.9 Dodging
 + Level 5.9 Stealth
 + Level 2.2 Spellcasting
 + Level 3.6 Hexes


You had 6 spell levels left.
You knew the following spells:

 Your Spells              Type           Power        Failure   Level  Hunger
a - Corona                Hex            ##.....      4%          1    #......

Your spell library contained the following spells:

 Spells                   Type           Power        Failure   Level  Hunger
 Confuse                  Hex            ##......     12%         3    ###....
 Tukima's Dance           Hex            ##......     12%         3    ###....
 Ensorcelled Hibernation  Hex/Ice        #.....       14%         2    ###....
 Dazzling Spray           Conj/Hex       #.....       26%         3    ###....


Dungeon Overview and Level Annotations

Branches:
Dungeon (4/15)
 Temple: D:4-7

Altars:
Cheibriados
Makhleb
Xom
Lugonu


Innate Abilities, Weirdness & Mutations

You cannot wear boots.
Your serpentine skin is tough. (AC +1)
You have supernaturally acute eyesight. (SInv)
Armour fits poorly on your strangely shaped body.
Your system is resistant to poisons. (rPois)
You cover ground very slowly.
You have a slow metabolism.
You can spit poison.


Message History

The orc is outlined in light.
A worker ant comes into view.
The worker ant twitches its antennae in your direction.
You hit the orc.
The orc is poisoned.
The orc is lightly wounded.
The orc barely misses you.
You hit the orc.
The orc is heavily wounded.
The orc misses you.
You barely miss the orc.
The orc is severely wounded.
The orc hits you.
You hit the orc.
The orc looks even sicker.
The orc is almost dead.
You kill the orc!
Lugonu accepts your kill.
You barely miss the worker ant. The worker ant bites you.
* * * LOW HITPOINT WARNING * * *
The worker ant bites you!
You die...

#.........>........
?...........#.......
...........o#.......
.........<..#.......
#..........#.[.....
###..#.o.#..........
#...!..).........###
...##.#####............#
^......@a.)..........#..
##....#####..........###
...## #######..### .
#.## #.# ###


You could see a worker ant.

Vanquished Creatures
  2 adders
  An ooze (D:3)
  A worm (D:2)
  2 dart slugs
  2 leopard geckos
  10 orcs
  4 bats
  3 giant cockroaches
  6 goblins
  8 hobgoblins
  4 jackals (D:2)
  4 kobolds
  A ball python (D:3)
  8 frilled lizards
  7 rats
63 creatures vanquished.

Notes
Turn   | Place    | Note
-------+----------+-------------------------------------------
     0 | D:1      | shiningwizard the Naga Enchanter began the quest for the
                  | Orb.
     0 | D:1      | Reached XP level 1. HP: 15/15 MP: 3/3
   102 | D:1      | Reached XP level 2. HP: 11/22 MP: 5/5
   619 | D:2      | Found a faded altar of an unknown god.
   648 | D:2      | Became a worshipper of Lugonu the Unformed
   648 | D:2      | Reached * piety under Lugonu
   648 | D:2      | Reached ** piety under Lugonu
   699 | D:2      | Reached XP level 3. HP: 20/28 MP: 6/6
   856 | D:2      | Reached skill level 5 in Stealth
  1112 | D:3      | Reached XP level 4. HP: 36/36 MP: 7/7
  1135 | D:3      | Found a shimmering altar of Xom.
  1350 | D:3      | Found a burning altar of Makhleb.
  1378 | D:3      | Reached *** piety under Lugonu
  1510 | D:3      | Found a snail-covered altar of Cheibriados.
  1798 | D:4      | Slain by a worker ant

Levels and vault maps discovered:
D:1:      saegor_arrival_simple_d, layout_loops_cross
D:2:      layout_loops_corners, first_ration, chequers_ecumenical_altar_island
D:3:      layout_loops_ring, overflow_temple_1_default,
          lemuel_coloured_pillars_altar, xom_butterflies, minmay_lizard_king
D:4:      layout_rooms, minmay_temple_entry_slanted, uniq_grinder

Skill      XL: |  1  2  3  4 |
---------------+-------------+-----
Stealth        | 5 |  5.9
Short Blades   | 2 |  2.1
Fighting       | |  0.6
Dodging        | |  1.9
Spellcasting   | |  2.2
Hexes          | |  3.6

Action                   |  1- 3 |  4- 6 || total
-------------------------+-------+-------++-------
Melee: Dagger            |    92 |    75 ||   167
 Cast: Corona            |     7 |     7 ||    14
 Stab: Sleeping          |    10 |     5 ||    15
  Eat: Ration            |     1 |       ||     1
Armor: Robe              |     9 |     7 ||    16
Dodge: Dodged            |    43 |    34 ||    77
